 Dungeon Crawl Stone Soup version 0.30-a0-341-g682706514a (webtiles) character file.

Game seed: 13386147669925744462

6391 night the Summoner (level 10, 0/64 HPs)
             Began as a Tengu Summoner on Nov 4, 2022.
             Was a Believer of Kikubaaqudgha.
             Slain by a centaur warrior (3 damage)
             ... on level 9 of the Dungeon.
             The game lasted 00:24:15 (10068 turns).

night the Summoner (Tengu Summoner)                Turns: 10068, Time: 00:24:16

Health: 0/64       AC:  3    Str:  9    XL:     10   Next: 97%
Magic:  18/23      EV: 14    Int: 20    God:    Kikubaaqudgha [**....]
Gold:   329        SH:  0    Dex: 14    Spells: 10/25 levels left

rFire   . . .      SeeInvis .    c - +0 scimitar
rCold   . . .      Faith    .    (no shield)
rNeg    . . .      Spirit   .    a - +1 robe
rPois   .          Reflect  .    (helmet restricted)
rElec   .          Harm     .    (no cloak)
rCorr   .          Rampage  .    (no gloves)
Will    .....                    (boots unavailable)
Stlth   ++........               (no amulet)
HPRegen 0.30/turn                (no ring)
MPRegen 0.18/turn                (no ring)

@: flying quickly and evasively, quick
A: beak, talons 3, nimble flight
a: Renounce Religion, Unearth Wretches


You were on level 9 of the Dungeon.
You worshipped Kikubaaqudgha.
Kikubaaqudgha was pleased with you.
You visited 2 branches of the dungeon, and saw 10 of its levels.

You collected 377 gold pieces.
You spent 48 gold pieces at shops.

Inventory:

Hand Weapons
 c - a +0 scimitar (weapon)
 d - a +2 dagger of pain
 k - a +0 long sword
 n - a +0 rapier
Missiles
 g - 77 stones
 h - 18 poisoned darts
 t - 4 boomerangs
Armour
 a - a +1 robe (worn)
Jewellery
 x - a ring of ice
Wands
 o - a wand of roots (15)
 w - a wand of acid (4)
Scrolls
 f - a scroll of amnesia
 i - 2 scrolls of torment
 l - a scroll of teleportation
 m - a scroll of silence
 r - a scroll of identify
 v - 2 scrolls of magic mapping
 y - a scroll of blinking {unknown}
Potions
 b - 3 potions of magic
 e - 3 potions of flight
 j - a potion of heal wounds
 p - a potion of brilliance
 q - 2 potions of lignification
 s - a potion of attraction {unknown}
 u - 2 potions of might {unknown}


   Skills:
 + Level 8.3 Fighting
 - Level 2.1 Dodging
 - Level 2.0 Stealth
 + Level 8.0 Spellcasting
 + Level 11.1 Summonings
 + Level 8.0 Necromancy


You had 10 spell levels left.
You knew the following spells:

 Your Spells              Type           Power      Damage    Failure   Level
a - Summon Small Mammal   Summ           100%       N/A       1%          1
b - Call Imp              Summ           51%        N/A       1%          2
c - Call Canine Familiar  Summ           51%        N/A       1%          3
d - Summon Guardian Gole  Hex/Summ       30%        N/A       2%          3
e - Sublimation of Blood  Necr           40%        N/A       1%          2
f - Summon Lightning Spi  Summ/Air       30%        N/A       9%          4

Your spell library contained the following spells:

 Spells                   Type           Power      Damage    Failure   Level
 Kiss of Death            Conj/Necr      96%        2d12      1%          1
 Necrotise                Necr           100%       1d9       1%          1
 Vampiric Draining        Necr           40%        2d8       1%          3
 Dispel Undead            Necr           40%        3d16      3%          4
 Beastly Appendage        Tmut           16%        N/A       9%          1
 Foxfire                  Conj/Fire      32%        2x1d5     9%          1
 Wereblood                Tmut           8%         N/A       13%         2
 Confusing Touch          Hex            8%         N/A       26%         3
 Spider Form              Tmut/Pois      8%         N/A       26%         3
 Fireball                 Conj/Fire      4%         3d4       93%         5
 Conjure Ball Lightning   Conj/Air       4%         3x3d6     100%        6
 Starburst                Conj/Fire      4%         6d3       100%        6
 Discord                  Hex            4%         N/A       100%        8
 Disjunction              Tloc           4%         N/A       100%        8


Dungeon Overview and Level Annotations

Branches:
Dungeon (9/15)             Temple (1/1) D:4            Lair (0/5) D:9
    Orc: D:9-12

Altars:
Ashenzari
Cheibriados
Dithmenos
Elyvilon
Fedhas
Gozag
Hepliaklqana
Kikubaaqudgha
Makhleb
Nemelex Xobeh
Okawaru
Qazlal
Ru
Sif Muna
Trog
Uskayaw
Vehumet
Wu Jian
Xom
Yredelemnul
Zin
The Shining One

Shops:
D:1 (   D:4 [


Innate Abilities, Weirdness & Mutations

You have a beak for a mouth.
You have claws for feet.
Your magical nature lets you fly swiftly and evasively.


Message History

Your wolf bites the howler monkey!
The howler monkey dies!
Kikubaaqudgha accepts your kill.
Your wolf bites the howler monkey!
The howler monkey misses your wolf.
Your wolf bites the howler monkey!
The howler monkey dies!
Kikubaaqudgha accepts your kill.
Your Spellcasting skill increases to level 8!
Your Necromancy skill increases to level 8!
Your wolf disappears in a puff of smoke!
An arrow appears from out of your range of vision.
The arrow hits your guardian golem!!
A centaur warrior comes into view. It is wielding a +0 shortbow.
Your guardian golem disappears in a puff of smoke!
The centaur warrior shoots an arrow.
The arrow hits you!!
There is an open door, spattered with blood here.
Casting: Summon Guardian Golem (dangerous; 2% risk of failure)
Confirm with . or Enter, or press ? or * to list all spells.
The centaur warrior shoots an arrow.
The arrow hits you.
Unknown command.
The centaur warrior shoots an arrow.
The arrow hits you!
You swap places.
The centaur warrior shoots an arrow.
The arrow hits your wolf!
The centaur warrior shoots an arrow.
The arrow completely misses your wolf. The arrow hits you!!
* * * LOW HITPOINT WARNING * * *
Casting: Call Canine Familiar (safe; 1% risk of failure)
Confirm with . or Enter, or press ? or * to list all spells.
A guardian golem appears, shielding your allies.
Your wolf bites the centaur warrior.
Your wolf bites the centaur warrior but does no damage.
The centaur warrior shoots an arrow.
The arrow hits your wolf!!
Your wolf dies!
Your wolf's corpse disappears in a puff of smoke!
Unknown command.
The centaur warrior unwields a +0 shortbow.
The centaur warrior completely misses you.
The centaur warrior kicks you.
You die...
Kikubaaqudgha rasps: "You have failed me!
Welcome... death!"

.~~~....~~≈≈≈~.......#
~~≈~.~.~.~≈≈≈~##.###.#
..~≈~~~~≈~≈≈≈~##.# #.#
..≈≈≈~≈≈≈≈~≈.~...# #.#
.~≈.~.≈~~~~.~.######.##### ##
~....~~.~.~c..##.........# .. #
~..~.~....~≈..##.###.###.# .# .#
.....~......~.##.###.# #.# Y# ..#
..............##@.##.# #.# .#...#
###.........####c9.#)###.##......
..+.........ch......)...§§co.....
.##.........####...#.###.####....
.###......^## #..##.# #.# .#
.####.....## #...... ..#
...###...## #####.##### .#.#
##'## #.# ##.# #.# #.#


You could see a centaur warrior (ally target) and a friendly guardian golem
(summoned).

Vanquished Creatures
  A wolf (D:9)
  A bullfrog (D:7)
  A killer bee (D:9)
  An orc priest (D:6)
  3 hounds
  3 orc wizards
  An adder (D:6)
  A shadow imp (D:6)
  An adder zombie (D:4)
  5 orcs
  An endoplasm (D:3)
  A giant cockroach (D:3)
  A goblin (D:3)
  2 hobgoblins
  4 kobolds
  A quokka (D:4)
  2 ball pythons (D:4)
  A bat (D:2)
  A rat (D:1)
32 creatures vanquished.

Vanquished Creatures (collateral kills)
  A two-headed ogre (D:8)
  Pikel (D:7)
  A troll (D:9)
  2 yaks (D:9)
  2 ice beasts
  A sky beast (D:7)
  An ogre (D:7)
  A wolf (D:9)
  A centaur (D:9)
  2 kobold brigands (D:9)
  4 lemures (D:6)
  3 phantoms
  3 bullfrogs
  3 scorpions
  2 killer bees (D:9)
  A water moccasin skeleton (D:4)
  3 howler monkeys
  2 electric eels (D:9)
  6 hounds
  3 orc priests
  2 jellies
  2 gnoll boudas
  2 iguanas
  5 orc wizards
  A scorpion zombie (D:4)
  11 gnolls
  8 adders
  A shadow imp (D:7)
  A white imp (D:5)
  An ufetubus (D:5)
  A worm (D:2)
  19 orcs
  8 ball pythons
  4 endoplasms
  5 giant cockroaches
  A goblin (D:2)
  2 hobgoblins
  4 jackals (D:5)
  4 kobolds
  2 quokkas (D:1)
  4 bats
  A frilled lizard (D:1)
  5 rats
137 creatures vanquished.

Vanquished Creatures (others)
  2 two-headed ogres
  A yak (D:9)
  A steam dragon (D:8)
  A water moccasin (D:7)
  2 black bears
  An orc warrior (D:6)
  A bullfrog (D:8)
  An orc priest (D:5)
  An iguana (D:5)
  3 orc wizards
  3 gnolls (D:4)
  2 plants (D:9)
19 creatures vanquished.

Grand Total: 188 creatures vanquished

Notes
Turn   | Place    | Note
-------+----------+-------------------------------------------
     0 | D:1      | night the Tengu Summoner began the quest for the Orb.
     0 | D:1      | Reached XP level 1. HP: 10/10 MP: 4/4
    77 | D:1      | Reached skill level 5 in Summonings
    77 | D:1      | Reached XP level 2. HP: 16/16 MP: 3/6
    80 | D:1      | Learned a level 2 spell: Call Imp
   122 | D:1      | Found Veahudib's Weapon Emporium.
   291 | D:1      | Reached skill level 1 in Fighting
  1043 | D:2      | Reached XP level 3. HP: 20/20 MP: 7/7
  1047 | D:2      | Learned a level 3 spell: Call Canine Familiar
  1593 | D:1      | Bought a +0 rapier for 48 gold pieces
  1949 | D:3      | Reached XP level 4. HP: 26/26 MP: 7/9
  1952 | D:3      | Reached skill level 2 in Fighting
  2370 | D:3      | Found a hazy altar of Hepliaklqana.
  2638 | D:3      | Learned a level 3 spell: Summon Guardian Golem
  2725 | D:3      | Gained mutation: Your magical nature lets you fly swiftly
                  | and evasively. [Tengu growth]
  2725 | D:3      | Reached XP level 5. HP: 26/31 MP: 5/10
  3056 | D:4      | Noticed a phantom
  3072 | D:4      | Killed a phantom
  3073 | D:4      | Reached skill level 6 in Summonings
  3179 | D:4      | Found Biygubyu's Armour Shoppe.
  3244 | D:4      | Reached XP level 6. HP: 27/37 MP: 9/12
  3392 | D:4      | Found a staircase to the Ecumenical Temple.
  3399 | Temple   | Entered the Ecumenical Temple
  3535 | Temple   | Became a worshipper of Kikubaaqudgha
  3899 | D:4      | Reached XP level 7. HP: 34/42 MP: 14/14
  4382 | D:5      | Entered Level 5 of the Dungeon
  4534 | D:5      | Reached skill level 7 in Summonings
  4568 | D:5      | Reached skill level 1 in Necromancy
  4650 | D:5      | HP: 6/43 [gnoll/+2 flail of pain[a gnoll bouda] (8)]
  4774 | D:4      | Reached * piety under Kikubaaqudgha
  4774 | D:4      | Received a gift from Kikubaaqudgha
  4903 | D:5      | Reached skill level 2 in Necromancy
  4910 | D:5      | HP: 6/44 [gnoll bouda/+0 whip (3)]
  4911 | D:5      | HP: 1/44 [gnoll bouda/+0 whip (5)]
  4912 | D:5      | Reached XP level 8. HP: 1/48 MP: 3/16
  5437 | D:6      | Reached skill level 5 in Spellcasting
  5535 | D:6      | Reached skill level 5 in Fighting
  5560 | D:6      | Reached skill level 8 in Summonings
  6273 | D:6      | Found a basalt altar of Yredelemnul.
  6281 | D:6      | Noticed a two-headed ogre
  6297 | D:6      | Killed a two-headed ogre
  6298 | D:6      | Reached XP level 9. HP: 55/55 MP: 3/19
  6301 | D:6      | Learned a level 2 spell: Sublimation of Blood
  6306 | D:6      | Learned a level 4 spell: Summon Lightning Spire
  6402 | D:6      | Found a shadowy altar of Dithmenos.
  6683 | D:6      | Found a glowing silver altar of Zin.
  6780 | D:6      | Reached skill level 9 in Summonings
  6780 | D:6      | Reached skill level 5 in Necromancy
  6833 | D:7      | Noticed Pikel
  7055 | D:7      | Killed Pikel
  8211 | D:8      | Reached skill level 10 in Summonings
  8211 | D:8      | Reached XP level 10. HP: 27/63 MP: 15/21
  8240 | D:8      | HP: 3/63 [gnoll/+0 halberd[a gnoll bouda] (9)]
  8243 | D:8      | Noticed a two-headed ogre
  8245 | D:8      | Reached ** piety under Kikubaaqudgha
  8255 | D:8      | Killed a two-headed ogre
  8261 | D:8      | HP: 1/63 [orc wizard/puff of flame (8)]
  8277 | D:8      | HP: 8/63 [orc/+0 mace (6)]
  8504 | D:8      | Noticed a two-headed ogre
  8526 | D:8      | Killed a two-headed ogre
  9552 | D:9      | Found a staircase to the Lair.
  9569 | D:9      | HP: 8/64 [electric eel/bolt of electricity (5)]
  9864 | D:9      | Reached skill level 11 in Summonings
 10053 | D:9      | Noticed a centaur warrior
 10064 | D:9      | HP: 2/64 [centaur warrior/arrow (24)]
 10068 | D:9      | Slain by a centaur warrior

Illustrated notes

Levels and vault maps discovered:
D:1:      dpeg_arrival_prison, layout_basic, serial_shops,
          nicolae_shop_bloodbath_and_beyond
D:2:      layout_loops_ring
D:3:      layout_loops_corners, mainiacjoe_overflow_small_starburst
D:4:      layout_cave_pods, minmay_temple_entry_hall, serial_undead,
          serial_undead_c, serial_undead_a, serial_undead_d, serial_undead_c,
          serial_shops, shop
D:5:      layout_rooms, chequers_mini_garden
D:6:      layout_basic, amethyst_overflow_temple_binary, general_overflow_altar
D:7:      layout_cave_pods, minmay_misc_feat_more_columns,
          kennysheep_generic_room_14, uniq_pikel
D:8:      layout_cave_pools
D:9:      gammafunk_boulding_lane, layout_loops_corners, erik_lair_island,
          st_stairs_14, serial_bayou_crossing
Temple:   nicolae_temple_bog_church

Skill      XL: |  1  2  3  4  5  6  7  8  9 10 |
---------------+-------------------------------+-----
Summonings     | 5 6 7 8 10 11 | 11.1
Fighting       | 1 2 3 4 6 7 8 |  8.3
Spellcasting   | 3 4 6 8 |  8.0
Necromancy     | 2 4 6 8 |  8.0
Dodging        | |  2.1
Stealth        | |  2.0

Action                   |  1- 3 |  4- 6 |  7- 9 | 10-12 || total
-------------------------+-------+-------+-------+-------++-------
Melee: Unarmed           |     6 |       |       |       ||     6
       Kick              |     3 |     5 |    12 |     9 ||    29
       Peck              |     1 |     6 |    14 |     3 ||    24
       Rapier            |     4 |    26 |       |       ||    30
       Falchion          |       |     4 |    14 |       ||    18
       Punch             |       |       |     2 |     1 ||     3
       Long sword        |       |       |     9 |       ||     9
       Scimitar          |       |       |    28 |    27 ||    55
 Cast: Summon Small Mamm |    30 |     5 |    35 |    18 ||    88
       Call Imp          |    11 |     9 |    21 |     8 ||    49
       Call Canine Famil |     4 |    10 |    27 |    14 ||    55
       Summon Guardian G |       |     5 |    25 |    17 ||    47
Evoke: Wand              |       |       |       |     2 ||     2
  Use: Scroll            |       |     7 |     6 |       ||    13
       Potion            |       |     2 |     3 |     1 ||     6
 Stab: Distracted        |       |     1 |     1 |       ||     2
       Sleeping          |       |     1 |     2 |       ||     3
Armor: Robe              |     5 |     4 |    10 |     4 ||    23
Dodge: Dodged            |    20 |    27 |    65 |    60 ||   172

Table legend: (Time is in decaauts)
 A = Elapsed time spent in this place.
 B = Non-inter-level travel time spent in this place.
 C = Inter-level travel time spent in this place.
 D = Time resting spent in this place.
 E = Time spent auto-exploring this place.
 F = Levels seen in this place.
 G = Mean time per level.
                   A        B        C        D        E       F      G
               +--------+--------+--------+--------+--------+-----+--------+
         Total |   9734 |   9426 |    308 |   1159 |   6431 |  10 |  973.4 |
       Dungeon |   9602 |   9313 |    289 |   1159 |   6333 |   9 | 1066.9 |
        Temple |    131 |    112 |     19 |      0 |     98 |   1 |  131.0 |
               +--------+--------+--------+--------+--------+-----+--------+

Top non-repeatable levels by time:
     D:6: 1537 daAuts
     D:4: 1293 daAuts
     D:3: 1223 daAuts
     D:7: 1096 daAuts
     D:9: 1082 daAuts
     D:1: 985 daAuts
     D:2: 830 daAuts
     D:5: 824 daAuts
     D:8: 730 daAuts
  Temple: 131 daAuts
